 Dungeon Crawl Stone Soup version 0.31-a0-704-g1016066182 (webtiles) character file.

Game seed: 9286856065454271158

9820397 Markself the Merry Demigod (level 27, 273/273 HPs)
             Began as a Demigod Hunter on Sept 9, 2023.
             Escaped with the Orb
             ... and 12 runes!
             The game lasted 05:21:22 (107784 turns).

Markself the Merry Demigod (Demigod Hunter)       Turns: 107784, Time: 05:21:22

Health: 273/273    AC: 15    Str: 11    XL:     27
Magic:  46/46      EV: 93    Int: 13    God:
Gold:   10792      SH:  0    Dex: 76    Spells: 5/52 levels left

rFire   + . .        a - +9 triple crossbow (heavy)
rCold   + . .        (shield currently unavailable)
rNeg    + . .        F - +2 robe of Leaves {rF+ rC+ Int+3}
rPois   +            D - +3 crown of Dyrovepreva {rElec Int+2 SInv}
rElec   +            I - +2 cloak {Stlth+}
rCorr   +            e - +1 pair of gloves of Rugoeng {rPois}
SInv    +            g - +2 pair of boots
Will    ++...        S - amulet of the Traitor {Regen+ Dex+5}
Stlth   ++++         K - ring of Miradus {Fly rCorr Str+3 Dex+6 Stlth+}
HPRegen 1.45/turn    V - ring "Hussoig" {+Blink rN+ Str-3 Int-2 Dex+8}
MPRegen 0.30/turn

%: clarity
@: flying, studying 3 skills
A: high MP 1, forlorn, divine attributes, agile 1, clarity
0: Orb of Zot
}: 12/15 runes: decaying, serpentine, slimy, silver, obsidian, icy, abyssal,
demonic, glowing, magical, fiery, dark
a: Evoke Blink


You escaped.
You visited 14 branches of the dungeon, and saw 70 of its levels.
You visited Pandemonium 1 time, and saw 15 of its levels.
You visited the Abyss 1 time.
You also visited: Sewer, Ice Cave, Volcano and Desolation.

You collected 16949 gold pieces.
You spent 6157 gold pieces at shops.

Inventory:

Hand Weapons
 a - a +9 heavy triple crossbow (weapon)
 b - the +11 longbow of Lycsuk {freeze, Int+4}
   (You found it in Pandemonium)

   Int+4:     It affects your intelligence (+4).
 u - the +6 arbalest of the Grinning Gods {penet, Str+6}
   (You found it on level 5 of the Pits of Slime)

   Str+6:     It affects your strength (+6).
 G - a +2 rapier of electrocution
Missiles
 c - 22 curare-tipped darts
 L - 5 darts of dispersal
 P - 2 throwing nets
Armour
 e - the +1 pair of gloves of Rugoeng (worn) {rPois}
   (You found it in Pandemonium)

   rPois:     It protects you from poison
 g - a +2 pair of boots (worn)
 D - the +3 crown of Dyrovepreva (worn) {rElec Int+2 SInv}
   (You found it on level 12 of the Dungeon)

   Int+2:     It affects your intelligence (+2).
   rElec:     It insulates you from electricity.
   SInv:      It lets you see invisible.
 F - the +2 robe of Leaves (worn) {rF+ rC+ Int+3}
   (You found it on level 2 of the Vaults)

   Int+3:     It affects your intelligence (+3).
   rF+:       It protects you from fire.
   rC+:       It protects you from cold.
 I - a +2 cloak of stealth (worn)
Jewellery
 i - the ring "Ocasyt Fuic" {rPois rF+ rC+++ rN+ MP-9}
   (You bought it in a shop on level 3 of the Depths)

   [ring of protection from fire]

   rF+:       It protects you from fire.
   rC+++:     It renders you almost immune to cold.
   rPois:     It protects you from poison rN+: It protects you from negative
   energy.
   MP-9:      It affects your magic capacity (-9).
 m - the amulet "Gaqen" {Spirit rF++}
   (You found it in the Desolation of Salt)

   [amulet of guardian spirit]

   Spirit:    It causes incoming damage to be divided between your reserves of
   health and magic.
   rF++:      It greatly protects you from fire.
 w - the ring of Ekhlom {rPois rF+ Str+3 Slay+4 SInv}
   (You took it off a balrug in Pandemonium)

   [ring of slaying]

   Str+3:     It affects your strength (+3).
   Slay+4:    It affects your accuracy & damage with ranged weapons and melee
   (+4).
   rF+:       It protects you from fire.
   rPois:     It protects you from poison SInv: It lets you see invisible.
 C - the ring "Fits" {rElec rPois rF+ Dex+6}
   (You took it off a frost giant on level 7 of Cocytus)

   [ring of dexterity]

   Dex+6:     It affects your dexterity (+6).
   rF+:       It protects you from fire.
   rElec:     It insulates you from electricity.
   rPois:     It protects you from poison
 J - the ring "Kaebejen" {Will++ AC+4 Str-3 Int+2 SInv}
   (You acquired it on level 1 of the Depths)

   [ring of protection]

   AC+4:      It affects your AC (+4).
   Str-3:     It affects your strength (-3).
   Int+2:     It affects your intelligence (+2).
   Will++:    It greatly increases your willpower.
   SInv:      It lets you see invisible.
 K - the ring of Miradus (left hand) {Fly rCorr Str+3 Dex+6 Stlth+}
   (You took it off a centaur on level 15 of the Dungeon)

   [ring of dexterity]

   Str+3:     It affects your strength (+3).
   Dex+6:     It affects your dexterity (+6).
   Fly:       It grants you flight.
   rCorr:     It protects you from acid and corrosion.
   Stlth+:    It makes you more stealthy.
 S - the amulet of the Traitor (around neck) {Regen+ Dex+5}
   (You found it on level 7 of Gehenna)

   [amulet of regeneration]

   Dex+5:     It affects your dexterity (+5).
   Regen+:    It increases your rate of health regeneration.
 V - the ring "Hussoig" (right hand) {+Blink rN+ Str-3 Int-2 Dex+8}
   (You took it off a necromancer on level 3 of the Crypt)

   [ring of positive energy]

   Str-3:     It affects your strength (-3).
   Int-2:     It affects your intelligence (-2).
   Dex+8:     It affects your dexterity (+8).
   rN+:       It protects you from negative energy.
   +Blink:    It lets you blink.
Wands
 p - a wand of charming (72)
 y - a wand of quicksilver (56)
 O - a wand of iceblast (123)
 T - a wand of digging (19)
Scrolls
 f - 10 scrolls of poison
 h - 20 scrolls of teleportation
 j - 8 scrolls of butterflies
 l - 5 scrolls of fear
 q - 11 scrolls of immolation
 r - 2 scrolls of brand weapon
 s - 2 scrolls of silence
 v - 8 scrolls of fog
 x - 8 scrolls of revelation
 M - 11 scrolls of blinking
 X - 10 scrolls of vulnerability
Potions
 d - 26 potions of curing
 k - 6 potions of attraction
 n - 14 potions of brilliance
 o - 7 potions of cancellation
 t - 26 potions of heal wounds
 z - 9 potions of invisibility
 A - 11 potions of lignification
 B - 10 potions of enlightenment
 E - 8 potions of haste
 H - 4 potions of ambrosia
 Q - 7 potions of magic
 U - 5 potions of resistance
 W - 13 potions of might
 Y - 3 potions of mutation
Miscellaneous
 N - the horn of Geryon
 Z - a box of beasts


   Skills:
 O Level 27 Fighting
 - Level 4.0 Short Blades
 O Level 27 Ranged Weapons
 - Level 1.0 Throwing
 O Level 27 Dodging
 + Level 14.7 Stealth
 - Level 1.0 Shields
 + Level 13.3 Spellcasting
 + Level 25.1 Hexes
 - Level 6.0 Necromancy
 + Level 18.4 Translocations
 - Level 6.0 Transmutations
 - Level 5.0 Earth Magic
 + Level 19.2 Evocations


You had 5 spell levels left.
You knew the following spells:

 Your Spells              Type           Power      Damage    Failure   Level
a - Apportation           Tloc           100%       N/A       0%          1
b - Leda's Liquefaction   Hex/Erth       23%        N/A       1%          4
c - Yara's Violent Unrav  Hex/Tmut       24%        3d11      1%          5
d - Dimensional Bullseye  Hex/Tloc       30%        N/A       0%          4
e - Passage of Golubria   Tloc           54%        N/A       1%          4
f - Enfeeble              Hex            32%        N/A       1%          7
g - Blink                 Tloc           100%       N/A       0%          2
h - Passwall              Tmut/Erth      18%        N/A       1%          2
i - Lesser Beckoning      Tloc           100%       N/A       0%          2
j - Dispersal             Tloc           27%        N/A       1%          6
k - Discord               Hex            32%        N/A       1%          8
l - Sublimation of Blood  Necr           24%        N/A       1%          2

Your spell library contained the following spells:

 Spells                   Type           Power      Damage    Failure   Level
 Slow                     Hex            100%       N/A       0%          1
 Jinxbite                 Hex            100%       N/A       0%          2
 Confusing Touch          Hex            65%        N/A       0%          3
 Sigil of Binding         Hex            65%        N/A       0%          3
 Tukima's Dance           Hex            65%        N/A       0%          3
 Cause Fear               Hex            32%        N/A       0%          4
 Necrotise                Necr           96%        1d8       1%          1
 Sandblast                Erth           42%        2d11      1%          1
 Ensorcelled Hibernation  Hex/Ice        82%        N/A       1%          2
 Momentum Strike          Conj/Tloc      64%        3d9       1%          2
 Wereblood                Tmut           24%        N/A       1%          2
 Dazzling Flash           Conj/Hex       82%        N/A       1%          3
 Inner Flame              Hex/Fire       41%        N/A       1%          3
 Summon Guardian Golem    Hex/Summ       41%        N/A       1%          3
 Vampiric Draining        Necr           24%        2d7       1%          3
 Volatile Blastmotes      Fire/Tloc      64%        2d15      1%          3
 Anguish                  Hex/Necr       24%        N/A       1%          4
 Fulminant Prism          Conj/Hex       20%        3d12      1%          4
 Iskenderun's Mystic Bla  Conj/Tloc      32%        2d8       1%          4
 Manifold Assault         Tloc           54%        N/A       1%          4
 Vhi's Electric Charge    Tloc/Air       64%        N/A       1%          4
 Metabolic Englaciation   Hex/Ice        20%        N/A       1%          5
 Silence                  Hex/Air        20%        N/A       1%          5
 Summon Mana Viper        Hex/Summ       41%        N/A       1%          5
 Kiss of Death            Conj/Necr      64%        2d10      2%          1
 Summon Forest            Summ/Tloc      16%        N/A       4%          5
 Cigotuvi's Dreadful Rot  Necr/Pois/Air  26%        N/A       5%          2
 Animate Dead             Necr           24%        N/A       7%          4
 Dispel Undead            Necr           24%        3d12      7%          4
 Foxfire                  Conj/Fire      32%        2x1d5     8%          1
 Magic Dart               Conj           32%        1d4       8%          1
 Shock                    Conj/Air       32%        1d5       8%          1
 Summon Small Mammal      Summ           32%        N/A       8%          1
 Stone Arrow              Conj/Erth      30%        3d8       9%          3
 Petrify                  Tmut/Erth      22%        N/A       9%          4
 Ignite Poison            Fire/Tmut/Pois 13%        N/A       11%         3
 Scorch                   Fire           16%        2d5       12%         2
 Searing Ray              Conj           16%        2d5       12%         2
 Static Discharge         Conj/Air       16%        2-3/arc   12%         2
 Agony                    Necr           24%        N/A       19%         5
 Borgnjor's Vile Clutch   Necr/Erth      11%        N/A       22%         5
 Call Canine Familiar     Summ           8%         N/A       24%         3
 Frozen Ramparts          Ice            16%        1d3       24%         3
 Hailstorm                Conj/Ice       8%         3d4       24%         3
 Swiftness                Air            8%         N/A       24%         3
 Animate Armour           Summ/Erth      30%        N/A       28%         4
 Lee's Rapid Deconstruct  Erth           10%        3d8*      28%         5
 Alistair's Intoxication  Tmut/Pois      10%        N/A       54%         5
 Irradiate                Conj/Tmut      8%         3d14      54%         5
 Airstrike                Air            4%         2d(1-17)  61%         4
 Flame Wave               Conj/Fire      8%         2d5       61%         4
 Olgreb's Toxic Radiance  Pois           8%         N/A       61%         4
 Sticky Flame             Conj/Fire      8%         2d3       61%         4
 Summon Ice Beast         Ice/Summ       8%         N/A       61%         4
 Summon Lightning Spire   Summ/Air       8%         N/A       61%         4
 Arcjolt                  Conj/Air       4%         1d14      91%         5
 Fireball                 Conj/Fire      4%         3d4       91%         5
 Freezing Cloud           Conj/Ice/Air   4%         6-21      91%         5
 Iskenderun's Battlesphe  Conj           8%         2d6       91%         5
 Disjunction              Tloc           27%        N/A       26%         8
 Death Channel            Necr           12%        N/A       71%         6
 Malign Gateway           Summ/Tloc      16%        N/A       83%         7
 Eringya's Noxious Bog    Tmut/Pois      8%         4d6       98%         6
 Simulacrum               Ice/Necr       8%         N/A       98%         6
 Leda's Unmaking          Conj/Erth      7%         9d2       99%         6
 Conjure Ball Lightning   Conj/Air       4%         3x3d6     100%        6
 Plasma Beam              Fire/Air       4%         2x1d14    100%        6
 Starburst                Conj/Fire      4%         6d3       100%        6
 Summon Cactus Giant      Summ           4%         N/A       100%        6
 Haunt                    Necr/Summ      8%         N/A       100%        7
 Monstrous Menagerie      Summ           4%         N/A       100%        7
 Orb of Destruction       Conj           4%         9d5       100%        7
 Spellforged Servitor     Conj/Summ      4%         N/A       100%        7
 Summon Hydra             Summ           4%         N/A       100%        7
 Ignition                 Fire           4%         3d4       100%        8
 Infestation              Necr           12%        N/A       100%        8
 Lehudib's Crystal Spear  Conj/Erth      7%         10d3      100%        8
 Summon Horrible Things   Summ           4%         N/A       100%        8
 Shatter                  Erth           10%        3d12*     100%        9


Dungeon Overview and Level Annotations

Branches:
Dungeon (15/15)            Temple (0/1) D:7            Lair (5/5) D:9
  Swamp (4/4) Lair:3        Snake (4/4) Lair:3        Slime (5/5) Lair:4
    Orc (2/2) D:10            Elf (3/3) Orc:2        Vaults (5/5) D:14
  Crypt (3/3) Vaults:3       Tomb (0/3) Crypt:3      Depths (4/4) D:15
   Hell (visited)             Dis (0/7) Hell            Geh (7/7) Hell
    Coc (7/7) Hell            Tar (0/7) Hell            Zot (5/5) Depths:4
  Sewer (visited)           IceCv (visited)         Volcano (visited)
Desolation (visited)

Shops:
D:8 :   D:9 [   D:14 (   D:15 (**[:(   Orc:2 =**   Snake:4 :   Vaults:3 (
Vaults:4 :   Vaults:5 :   Zot:2 *   Depths:3 :==   Depths:4 (

Portals:
Hell: Depths:1 Depths:2 Depths:3 Depths:4
Abyss: Depths:3 Depths:4
Pandemonium: Depths:2
Ziggurat: Depths:1
Trove: D:10 (give 7 potions of haste)


Innate Abilities, Weirdness & Mutations

You have an increased reservoir of magic. (+10% MP)
You shall have no god before yourself.
Your divine heritage dramatically boosts your attributes as you level up.
You are agile. (Dex +4, Str/Int -1)
You possess an exceptional clarity of mind.


Message History

You shoot a bolt. The bolt hits the rust devil!!!
You kill the rust devil!
You start waiting.
Your enlightenment fades.
You start waiting.
An Orb Guardian comes into view.
A shadow demon comes into view.
You shoot a bolt. The bolt hits the Orb Guardian!!
The Orb Guardian is lightly wounded.
You shoot a bolt.
The bolt closely misses the Orb Guardian.
The Orb Guardian completely misses you.
You shoot a bolt. The bolt hits the Orb Guardian!
The Orb Guardian is moderately wounded.
The Orb Guardian completely misses you. The Orb Guardian barely misses you.
You shoot a bolt. The bolt hits the Orb Guardian!!!!!
You kill the Orb Guardian!
You shoot a bolt. The bolt hits the shadow demon!!!!!!
You kill the shadow demon!
You start waiting.
An orange demon comes into view.
You shoot a bolt. The bolt hits the orange demon!!!!
You kill the orange demon!
You start waiting. 2 sun demons come into view.
You shoot a bolt. The bolt hits the sun demon!!!!!
You kill the sun demon!
You shoot a bolt. The bolt hits the sun demon!!
The sun demon is heavily wounded.
You shoot a bolt. The bolt hits the sun demon!!!!
You kill the sun demon!
A sun demon comes into view.
You shoot a bolt. The bolt closely misses the sun demon.
A hellwing and a smoke demon come into view.
You shoot a bolt. The bolt hits the hellwing!!!!
You kill the hellwing!
You shoot a bolt. The bolt hits the sun demon!!!!!
You kill the sun demon!
You shoot a bolt. The bolt hits the smoke demon!!!!
You kill the smoke demon!
You have escaped!

................................#
.....#........#.................#
.....#......#.#....##'#.........#
.....#..........#+###.#.........#
................................'
###..(......#......##.##........#
..#.......#.#.....P.#.##.........
..'.................#.##.........
..##....####....@.....##.........
...+.......##..........[...#'###'
####..............P..............
'..................#..####.#....^
###................##.#....#.....
'.#...................#....#.....
#.#..........##..................
#'#........####..................
...........####..................


There were no monsters in sight!

Vanquished Creatures
  Cerebov (Pan)
  Antaeus (Coc:7)
  Asmodeus (Geh:7)
  the Royal Jelly (Slime:5)
  Dissolution (Slime:4)
  Lom Lobon (Pan)
  Gloorx Vloq (Pan)
  2 seraphim
  Mnoleg (Pan)
  5 dread liches
  8 ancient liches
  10 orbs of fire
  A juggernaut (Abyss:3)
  17 shard shrikes
  The ghost of AgonHex the Hoplite, a veteran HOFi of Qazlal (Vaults:2)
  Vashnia (Snake:3)
  8 Killer Klowns
  4 caustic shrikes (Depths:2)
  13 golden dragons
  3 curse toes (Zot:5)
  Geryon (Hell)
  A profane servitor (D:1)
  12 pandemonium lords
  8 bone dragons
  2 pearl dragons (Pan)
  17 Brimstone Fiends
  4 Tzitzimimeh
  Jorgrun (D:13)
  5 electric golems
  18 hellephants
  7 Hell Sentinels (Pan)
  19 Ice Fiends
  31 Orb Guardians
  A shard shrike skeleton (Crypt:3)
  Mlioglotl (Swamp:1)
  28 tentacled monstrosities
  8 quicksilver dragons
  12 titans
  Asterion (Depths:1)
  30 Executioners
  A deep elf master archer (Elf:3)
  5 liches
  11 sphinxes
  10 death cobs
  22 searing wretches
  17 acid blobs
  Frances (Swamp:1)
  A walking divine tome (Depths:3)
  3 ancient champions
  The ghost of eneti the Peltast, an adept MiFi of Okawaru (Snake:2)
  12 shadow dragons
  7 tengu reavers
  9 tentacled starspawn
  13 storm dragons
  Roxanne (D:15)
  Donald (Orc:2)
  Agnes (D:15)
  A revenant (Crypt:1)
  24 azure jellies
  The ghost of Lanyett the Spry, an adept OpSh of Hepliaklqana (Snake:1)
  10 draconian monks
  3 nagarajas
  2 imperial myrmidons (Desolation)
  9 rockslimes
  19 frost giants
  10 demonspawn warmongers (Pan)
  10 draconian knights
  17 daevas
  21 narguns
  45 balrugs
  23 fire giants
  6 deep elf sorcerers
  7 iron dragons
  9 draconian scorchers
  4 orc warlords
  21 vault wardens
  5 draconian stormcallers
  6 draconian shifters
  8 curse skulls
  2 ghost moths
  10 shard shrike simulacra
  15 quicksilver oozes
  7 draconian annihilators
  8 ghouls
  27 angels
  11 reapers
  30 very ugly things
  3 deep elf elementalists (Elf:3)
  A formless jellyfish (Vaults:4)
  8 war gargoyles
  10 ironbound thunderhulks
  20 ironbound preservers
  11 stone giants
  8 demonspawn blood saints (Pan)
  A broodmother (shapeshifter) (D:12)
  6 demonspawn corrupters (Pan)
  2 eleionomae (Swamp:4)
  18 cacodemons (Pan)
  16 ophanim
  24 apis (Pan)
  A quicksilver ooze (shapeshifter) (Depths:3)
  11 green draconians
  13 vampire knights
  12 demonspawn black suns (Pan)
  13 black draconians
  12 lorocyprocas (Pan)
  27 elemental wellsprings
  11 red draconians
  6 deep elf demonologists
  3 halazid warlocks (Desolation)
  26 wendigos
  26 starcursed masses
  5 bunyips
  12 deep elf annihilators
  14 purple draconians
  9 yellow draconians
  Azrael (D:15)
  The ghost of Opifex the Carver, a journeyman DrMo of Okawaru (D:13)
  6 spark wasps
  9 white draconians
  3 iron golems (Hell)
  19 dire elephants
  Snorg (Orc:2)
  23 blizzard demons
  12 deep elf death magi
  16 green deaths
  9 ettins
  7 fire dragons
  7 crystal guardians
  4 ragged hierophants (Desolation)
  3 entropy weavers
  A rakshasa (Depths:3)
  Josephine (D:15)
  2 shambling mangroves (Swamp:4)
  Harold (Lair:1)
  12 great orbs of eyes
  9 deep elf high priests
  The ghost of blacky4 the Bewitcher, a journeyman SpEn of Gozag (Lair:5)
  Erolcha (D:11)
  10 salamander tyrants
  8 jiangshi
  34 vault guards
  A kraken zombie (Hell)
  17 yaktaur captains
  An ogre mage (D:15)
  2 hell beasts
  A spectral shadow dragon (Vaults:2)
  11 juggernaut simulacra
  4 servants of whispers
  11 caustic shrike simulacra
  25 hydras
  10 ice dragons
  13 centaur warriors
  The ghost of Dustruala the Basher, a journeyman GrFi of Hepliaklqana (Orc:1)
  11 alligators
  9 peacekeepers
  3 spriggan skeletons (Pan)
  8 spriggan air magi
  An anaconda (shapeshifter) (Depths:3)
  2 ghost crabs
  Erica (Lair:2)
  4 boulder beetles
  A bennu zombie (Crypt:1)
  6 stokers
  16 anacondas
  15 naga warriors
  40 hell hogs
  48 dancing weapons
  6 ironbound frosthearts
  24 tengu warriors
  8 two-headed ogres
  8 death yaks (Lair:4)
  6 deep troll shamans
  6 vampire magi
  7 deep troll earth magi
  21 demonic crawlers
  11 spriggan berserkers
  5 thrashing horrors
  A bennu skeleton (Crypt:2)
  6 holy swine (Pan)
  16 hell knights
  29 soul eaters
  15 deep elf knights
  Nergalle (Lair:1)
  8 orc high priests
  The ghost of Xpym the Martial Artist, a novice OpSh of Nemelex Xobeh (Lair:1)
  9 shock serpents
  A titan skeleton (Abyss:1)
  12 naga sharpshooters
  5 spriggans
  33 sixfirhies
  115 sun demons
  7 iron trolls
  5 salamander mystics
  11 wretched stars
  9 shadow wraiths
  2 bunyip zombies (Crypt:3)
  A death drake (Swamp:4)
  A golden dragon zombie (Crypt:3)
  10 glowing orange brains
  8 quicksilver dragon simulacra
  A spectral elf (Vaults:2)
  3 goliath frogs
  74 deep trolls
  8 shadow demons
  A spriggan druid (Swamp:4)
  20 cherubim
  Lodul (D:13)
  3 flayed ghosts
  2 orange crystal statues (IceCv)
  43 skeletal warriors
  An orb spider (shapeshifter) (Depths:3)
  9 lindwurms
  3 spriggan simulacra
  An iron giant skeleton (Crypt:3)
  18 phantasmal warriors
  18 naga ritualists
  19 wizards
  Pikel (D:9)
  10 bog bodies
  A harpy (shapeshifter) (Abyss:3)
  7 deep elf archers
  15 necromancers
  13 swamp dragons
  5 harpies (Vaults:3)
  18 orc knights
  An anaconda skeleton (Pan)
  A lindwurm (shapeshifter) (D:14)
  22 ironbound convokers
  25 deep elf pyromancers
  19 mana vipers
  A sphinx simulacrum (Vaults:2)
  20 deep elf zephyrmancers
  65 ugly things
  9 shining eyes
  2 wolf spiders (Lair:5)
  3 cyclopes
  24 salamanders
  2 alligator zombies (Hell)
  2 orc sorcerers
  4 will-o-the-wisps
  A faun (shapeshifter) (Elf:2)
  4 manticores
  A moth of wrath (shapeshifter) (Vaults:1)
  A manticore (shapeshifter) (Vaults:3)
  A toenail golem (D:1)
  A goliath frog skeleton (Crypt:1)
  A guardian serpent (shapeshifter) (D:14)
  3 worldbinders
  12 rust devils
  2 apocalypse crabs (Abyss:3)
  A naga zombie (Abyss:1)
  33 moths of wrath
  A black mamba (shapeshifter) (Abyss:3)
  14 ice statues
  A centaur zombie (Crypt:3)
  10 guardian serpents
  2 stone giant skeletons
  Maurice (Orc:1)
  14 vault sentinels
  15 naga magi
  An alligator snapping turtle zombie (Crypt:3)
  44 black mambas
  A gargoyle (D:13)
  3 molten gargoyles (Desolation)
  52 smoke demons
  6 elephants
  29 orange demons
  Joseph (Lair:1)
  2 naga skeletons
  2 titan simulacra
  A centaur skeleton (Crypt:3)
  Psyche (D:10)
  13 cane toads
  4 torpor snails (Lair:4)
  55 yaktaurs
  An unseen horror (D:11)
  A rime drake (Lair:4)
  10 efreet
  23 hellions
  A catoblepas skeleton (Pan)
  A kobold demonologist (D:12)
  17 freezing wraiths
  12 komodo dragons
  16 ice devils
  9 tormentors
  2 tengu conjurers (Depths:2)
  3 golden dragon simulacra
  A sea snake skeleton (Hell)
  11 anaconda simulacra
  A sea snake zombie (Hell)
  5 iron giant simulacra
  An iron troll skeleton (Crypt:2)
  7 ancient zymes
  A meliai (shapeshifter) (D:13)
  3 hydra zombies
  3 red devils (Pan)
  13 polar bears
  A wolf spider simulacrum (D:13)
  A moth of wrath zombie (Crypt:1)
  42 hellwings
  A mana viper skeleton (Crypt:1)
  9 trolls
  15 blink frogs
  A grey draconian skeleton (Crypt:2)
  A tarantella (shapeshifter) (Vaults:5)
  A shadow dragon simulacrum (Coc:1)
  8 tyrant leeches
  A harpy skeleton (Crypt:3)
  10 raiju
  5 spectral humans (Vaults:2)
  2 alligator simulacra (IceCv)
  11 hornets
  36 saltlings
  A dream sheep (Lair:5)
  4 iron dragon simulacra
  9 water elementals
  5 centaur simulacra (D:13)
  36 flying skulls
  3 stone giant simulacra
  31 ynoxinuls
  7 air elementals
  4 shadows
  4 ettin skeletons
  103 slime creatures
  7 wraiths
  3 vampires
  11 dire elephant simulacra
  4 naga simulacra
  An alligator snapping turtle simulacrum (Coc:3)
  13 wyverns
  2 black mamba skeletons
  6 fire elementals
  30 golden eyes
  A hog (shapeshifter) (D:14)
  46 yaks
  6 basilisks
  18 humans (D:14)
  2 fire bats (D:11)
  27 chaos spawn
  6 steam dragons
  21 neqoxecs
  2 redbacks (Lair:5)
  56 large abominations
  19 swamp worms
  13 vampire mosquitoes
  18 harpy simulacra
  11 wargs
  45 nagas
  22 hell hounds
  11 hydra simulacra
  An acid dragon (D:9)
  A floating eye (Zot:2)
  A demonspawn skeleton (Pan)
  9 swamp drakes
  18 water moccasins
  2 meliai simulacra (D:13)
  14 ettin simulacra
  51 orc warriors
  15 black bears
  A hornet zombie (Crypt:2)
  An ice beast (D:5)
  15 ogres
  13 wolves (Lair:5)
  3 lemures (D:9)
  10 centaurs
  13 small abominations
  A phantom (D:5)
  A rime drake skeleton (Crypt:2)
  8 bullfrogs
  An elf zombie (Elf:1)
  3 earth elementals (Elf:1)
  6 scorpions
  3 necrophages
  A gnoll sergeant (D:10)
  9 wights
  2 cyclops skeletons (Crypt:2)
  A hornet simulacrum (D:13)
  A warg skeleton (Crypt:2)
  A lindwurm simulacrum (IceCv)
  2 killer bees (D:7)
  7 electric eels
  A polar bear skeleton (Crypt:2)
  A troll skeleton (Crypt:1)
  2 howler monkeys
  2 crimson imps
  4 human simulacra (Vaults:2)
  A bullfrog zombie (Crypt:1)
  2 quasits
  A hound (D:5)
  A gnoll bouda (D:8)
  36 orc priests
  4 jellies
  2 sleepcaps (D:7)
  4 iguanas
  7 hell rats
  17 orc wizards
  12 gnolls
  22 adders
  A shadow imp (D:7)
  6 white imps
  An ufetubus (D:4)
  3 worms
  3 dart slugs
  101 orcs
  4 endoplasms
  12 giant cockroaches
  5 goblins
  5 hobgoblins
  6 kobolds
  8 quokkas
  9 ball pythons
  3 bats
  10 frilled lizards (Sewer)
  3 rats
  5 rat zombies
  4 ball lightnings (Pan)
  9 creeping infernos
  20 fire vortices
  A foxfire (Abyss:3)
  A lurking horror (Abyss:3)
  A starspawn tentacle (Abyss:1)
  A tentacle (Hell)
4255 creatures vanquished.

Vanquished Creatures (collateral kills)
  A tentacled monstrosity (Pan)
  A cacodemon (Pan)
  6 very ugly things (Pan)
  A large abomination (Pan)
  3 shining eyes (Pan)
  An ugly thing (Pan)
  2 cane toads (Lair:5)
  Prince Ribbit (D:8)
  7 neqoxecs (Pan)
  A centaur (D:8)
  2 killer bees (D:7)
  A gnoll (D:8)
27 creatures vanquished.

Vanquished Creatures (others)
  Nikola (Swamp:2)
  An eldritch tentacle (Pan)
  An Executioner (Pan)
  3 shard shrike simulacra
  A draconian scorcher (Geh:4)
  4 very ugly things (Pan)
  An eleionoma (Swamp:2)
  A green death (Pan)
  A juggernaut simulacrum (Coc:5)
  2 caustic shrike simulacra
  A stoker (Geh:7)
  A quicksilver dragon simulacrum (Depths:2)
  A deep elf zephyrmancer (Elf:1)
  4 wizards
  A manticore (D:13)
  A moth of wrath (Zot:3)
  2 titan simulacra
  2 smoke demons
  A yaktaur (Vaults:4)
  2 anaconda simulacra (Coc:4)
  A troll (D:11)
  4 bloated husks
  A wind drake (shapeshifter) (D:13)
  A hellwing (Pan)
  A hornet (Lair:1)
  A stone giant simulacrum (Coc:7)
  A wyvern (D:8)
  A dire elephant simulacrum (Coc:4)
  2 neqoxecs (Pan)
  5 harpy simulacra
  A chaos spawn (Pan)
  An ettin simulacrum (Depths:2)
  A hound (D:5)
  5 ball lightnings (Pan)
  2 creeping infernos
  5 foxfires
  3 starspawn tentacles (Abyss:1)
  3 tentacles (Hell)
71 creatures vanquished.

Grand Total: 4353 creatures vanquished

Notes
Turn   | Place    | Note
-------+----------+-------------------------------------------
     0 | D:1      | Markself the Demigod Hunter began the quest for the Orb.
     0 | D:1      | Reached XP level 1. HP: 17/17 MP: 3/3
    36 | D:1      | Noticed an eye of devastation
    41 | D:1      | Noticed a shining eye
    49 | D:1      | Noticed an eye of devastation
    49 | D:1      | Noticed a great orb of eyes
   826 | D:2      | Reached XP level 2. HP: 24/24 MP: 4/4
   931 | D:2      | Reached XP level 3. HP: 29/29 MP: 5/5
  1171 | D:2      | Reached skill level 5 in Ranged Weapons
  1392 | D:2      | Reached XP level 4. HP: 36/36 MP: 6/6
  1811 | D:3      | Reached skill level 1 in Short Blades
  1917 | D:3      | Found a glowing drain.
  1935 | Sewer    | Entered a sewer
  2120 | Sewer    | Reached XP level 5. HP: 40/41 MP: 7/7
  2551 | Sewer    | Reached XP level 6. HP: 48/48 MP: 8/8
  2576 | Sewer    | Identified the ring "Leripah" {rCorr AC+4 Int+5}
  3083 | D:3      | Identified the +0 chain mail "Rimoun" {Contam +Inv rC++
                  | Slay+4}
  3650 | D:4      | Reached skill level 1 in Evocations
  4222 | D:4      | Reached XP level 7. HP: 52/53 MP: 9/9
  4354 | D:5      | Entered Level 5 of the Dungeon
  4469 | D:5      | Noticed a two-headed ogre
  5227 | D:5      | Killed a two-headed ogre
  5228 | D:5      | Reached XP level 8. HP: 60/60 MP: 10/10
  5661 | D:6      | Reached skill level 10 in Ranged Weapons
  6279 | D:7      | Reached skill level 1 in Stealth
  6326 | D:7      | Noticed a two-headed ogre
  6326 | D:7      | Found the +6 shillelagh "Devastator" {shatter}
  6589 | D:7      | HP: 3/61 [poisoned by a killer bee]
  6995 | D:7      | HP: 3/61 [poisoned by a water moccasin]
  7469 | D:7      | Noticed a hornet
  7478 | D:7      | Killed a hornet
  7479 | D:7      | Reached XP level 9. HP: 54/68 MP: 11/11
  7908 | D:7      | Found a staircase to the Ecumenical Temple.
  7929 | D:7      | Noticed a gargoyle
  8126 | D:7      | Killed a two-headed ogre
  8425 | D:8      | Found Yfivaefyu's Self-Improvement Boutique.
  8582 | D:8      | Noticed Prince Ribbit
  8600 | D:8      | Killed Prince Ribbit
  9217 | D:8      | Identified the +1 hand axe "Qinith" {venom, Int+2}
  9428 | D:7      | Reached XP level 10. HP: 57/80 MP: 13/13
  9452 | D:7      | Noticed a two-headed ogre
  9788 | D:8      | Reached skill level 5 in Stealth
  9820 | D:8      | Reached skill level 5 in Fighting
  9820 | D:8      | Reached skill level 5 in Dodging
  9980 | D:9      | Noticed a two-headed ogre
 10056 | D:8      | Killed a two-headed ogre
 10160 | D:9      | Found a staircase to the Lair.
 10161 | D:9      | Noticed an elephant
 10199 | D:8      | Killed an elephant
 10856 | D:9      | Found Lol Feps's Antique Armour Boutique.
 10875 | D:9      | Bought a glowing robe for 81 gold pieces
 10886 | D:9      | Bought a runed helmet for 165 gold pieces
 11050 | D:9      | Noticed Pikel
 11074 | D:9      | Killed Pikel
 11562 | D:10     | Entered Level 10 of the Dungeon
 11594 | D:10     | Noticed a two-headed ogre
 11612 | D:10     | Killed a two-headed ogre
 11613 | D:10     | Noticed Psyche
 11722 | D:10     | Learned a level 1 spell: Apportation
 11896 | D:10     | Reached XP level 11. HP: 89/89 MP: 14/14
 12171 | D:10     | Noticed a two-headed ogre
 12217 | D:10     | Killed a two-headed ogre
 12218 | D:10     | Reached skill level 1 in Spellcasting
 12218 | D:10     | Reached skill level 1 in Translocations
 12311 | D:10     | Killed Psyche
 12313 | D:10     | Found a portal to a secret trove of treasure.
 12516 | D:10     | Noticed an orc knight
 12653 | D:10     | Killed an orc knight
 12721 | D:10     | Found a staircase to the Orcish Mines.
 13156 | D:11     | Noticed a salamander tyrant
 13649 | D:11     | Noticed Erolcha
 14004 | D:11     | Killed a salamander tyrant
 15085 | Lair:1   | Entered Level 1 of the Lair of Beasts
 15172 | Lair:1   | Noticed Harold
 15200 | Lair:1   | Killed Harold
 15449 | Lair:1   | Found a runed translucent door.
 15458 | Lair:1   | Noticed Xpym's ghost (novice OpSh)
 15473 | Lair:1   | Killed Xpym's ghost
 15479 | Lair:1   | Identified the amulet of the Sparrow {RegenMP rElec rPois
                  | Will- Str+3}
 15546 | Lair:1   | Reached skill level 1 in Throwing
 15634 | Lair:1   | Noticed Joseph
 15652 | Lair:1   | Killed Joseph
 15653 | Lair:1   | Reached XP level 12. HP: 90/100 MP: 16/16
 15797 | Lair:1   | Noticed Nergalle
 15815 | Lair:1   | Killed Nergalle
 16197 | Lair:2   | Noticed Erica
 16544 | Lair:2   | Identified the +7 ring mail of the Goldsmith {Regen+ Str-5
                  | Int+6}
 16865 | Lair:3   | Identified the ring "Relergh" {rN+ MP+9}
 16928 | Lair:3   | Noticed a dire elephant
 16941 | Lair:3   | Killed a dire elephant
 17053 | Lair:3   | Found a staircase to the Snake Pit.
 17095 | Lair:3   | Noticed a six-headed hydra
 17099 | Lair:3   | Killed a six-headed hydra
 17122 | Lair:3   | Found a dark tunnel.
 17135 | Volcano  | Entered a volcano
 17797 | Volcano  | Noticed a fire dragon
 17881 | Volcano  | Killed a fire dragon
 17882 | Volcano  | Reached XP level 13. HP: 87/111 MP: 17/17
 18148 | Lair:3   | Reached skill level 15 in Ranged Weapons
 18511 | Lair:3   | Found a staircase to the Swamp.
 19506 | Lair:4   | Found a runed translucent door.
 19511 | Lair:4   | Found a staircase to the Slime Pits.
 19689 | Lair:4   | Reached skill level 10 in Fighting
 19811 | Lair:4   | Noticed Nessos
 19813 | Lair:4   | Nessos changed into Nessos the ogre
 19813 | Lair:4   | Noticed Nessos
 19815 | Lair:4   | Killed Nessos the ogre
 20157 | Lair:5   | Entered Level 5 of the Lair of Beasts
 20247 | Lair:5   | Reached skill level 10 in Dodging
 20344 | Lair:5   | Found a runed translucent door.
 20345 | Lair:5   | Noticed blacky4's ghost (journeyman SpEn)
 20856 | Lair:5   | Reached XP level 14. HP: 122/122 MP: 19/19
 21873 | Lair:5   | Killed blacky4's ghost
 22205 | D:12     | You fall into a shaft and drop 1 floor!
 22362 | D:13     | Noticed Jorgrun
 22375 | D:13     | Killed Jorgrun
 22729 | D:12     | Found the +3 crown of Dyrovepreva {rElec Int+2 SInv}
 23494 | D:13     | Noticed Lodul
 23505 | D:13     | Killed Lodul
 23639 | D:13     | Found a runed translucent gate.
 23640 | D:13     | Found a runed translucent gate.
 23641 | D:13     | Found a runed translucent gate.
 23734 | D:13     | Noticed Opifex's ghost (journeyman DrMo)
 23800 | D:13     | Noticed a fire giant
 23805 | D:13     | Identified the +1 robe "Cem Erid" {Int+4}
 24131 | D:13     | Noticed a broodmother
 24261 | D:12     | Killed a broodmother
 24888 | D:13     | Killed a fire giant
 25458 | D:13     | Identified the +4 mace of the Brain {venom, +Blink MP+9}
 25509 | D:13     | Identified the staff of the Endless Expanse {rPois Dex+2
                  | Poison}
 26067 | D:13     | Killed Opifex's ghost
 26682 | D:13     | Identified a scroll of acquirement
 26685 | D:13     | Acquired 927 gold pieces
 26727 | D:14     | Found Teulil's Antique Weapon Emporium.
 27126 | D:14     | Reached XP level 15. HP: 119/130 MP: 20/20
 27633 | D:14     | Found a gate to the Vaults.
 28159 | D:15     | Entered Level 15 of the Dungeon
 28159 | D:15     | Noticed Azrael
 28163 | D:15     | Killed Azrael
 28289 | D:15     | Found Dironur's Antique Weapon Shop.
 28393 | D:15     | Identified the +1 hand axe of Exquisite Torment {holy,
                  | *Corrode Will+ Int+5}
 28600 | D:15     | Noticed Josephine
 28603 | D:15     | Killed Josephine
 28634 | D:15     | Found Xuupaf's Book Shop.
 28644 | D:15     | Found Idechet's Armour Boutique.
 28731 | D:15     | Identified the ring of Miradus {Fly rCorr Str+3 Dex+6
                  | Stlth+}
 28747 | D:15     | Found a staircase to the Depths.
 28750 | D:15     | Noticed a fire giant
 28788 | D:15     | Killed a fire giant
 28827 | D:15     | Found Wotamnub's Assorted Antiques.
 28881 | D:15     | Noticed Agnes
 28888 | D:15     | Killed Agnes
 29127 | D:15     | Found Ishriocu's Serpentskin Sales.
 29189 | D:15     | Found Kytavup's Antique Weapon Boutique.
 29284 | D:15     | Noticed Roxanne
 29294 | D:15     | Killed Roxanne
 29679 | Orc:1    | Entered Level 1 of the Orcish Mines
 29685 | Orc:1    | Reached skill level 1 in Shields
 30026 | Orc:1    | Found a transporter.
 30028 | Orc:1    | Noticed Dustruala's ghost (journeyman GrFi)
 30039 | Orc:1    | Found a transporter.
 30114 | Orc:1    | Noticed Maurice
 30116 | Orc:1    | Killed Maurice
 30345 | Orc:1    | Killed Dustruala's ghost
 30454 | Orc:2    | Entered Level 2 of the Orcish Mines
 30454 | Orc:2    | Noticed Donald
 30828 | Orc:2    | Killed Donald
 30839 | Orc:2    | Reached XP level 16. HP: 133/141 MP: 21/21
 31027 | Orc:2    | Noticed Snorg
 31029 | Orc:2    | Killed Snorg
 31133 | Orc:2    | Found a staircase to the Elven Halls.
 32221 | Orc:2    | Found Tuonlobe's Jewellery Shop.
 32224 | Orc:2    | Found Zitruq's Antique Armour Shop.
 32225 | Orc:2    | Found Tuipouxte's Assorted Antiques.
 32226 | Orc:2    | Found Toat's Assorted Antiques.
 32232 | Orc:2    | Bought 2 scrolls of fear for 264 gold pieces
 32235 | Orc:2    | Bought a ring of willpower for 300 gold pieces
 32476 | Orc:2    | Bought a crude ring mail for 306 gold pieces
 32476 | Orc:2    | Identified the +4 ring mail of the Twenty Tales {rPois}
                  | (You bought it in a shop on level 2 of the Orcish Mines)
 32774 | D:15     | Bought a manual of Fighting for 880 gold pieces
 32774 | D:15     | Bought a manual of Hexes for 880 gold pieces
 32774 | D:15     | Bought the Codex of Anathema and Forms for 330 gold pieces
 32780 | D:15     | Learned a level 4 spell: Leda's Liquefaction
 32871 | D:11     | Killed Erolcha
 33102 | Lair:2   | Killed Erica
 33230 | Snake:1  | Entered Level 1 of the Snake Pit
 33230 | Snake:1  | Found a transporter.
 33232 | Snake:1  | Reached skill level 1 in Hexes
 33242 | Snake:1  | Reached skill level 1 in Earth Magic
 33377 | Snake:1  | Found a transporter.
 33457 | Snake:1  | Identified the +0 plate armour of the Untouchables {Will-
                  | Str+4 Int+3}
 33791 | Snake:1  | Noticed Lanyett's ghost (adept OpSh)
 34859 | Snake:2  | Noticed eneti's ghost (adept MiFi)
 34862 | Snake:2  | Found a runed translucent door.
 35770 | Snake:3  | Reached skill level 5 in Hexes
 36036 | Snake:3  | Noticed Vashnia
 36064 | Snake:3  | Killed Vashnia
 36065 | Snake:3  | Reached skill level 15 in Dodging
 36226 | Snake:3  | Reached XP level 17. HP: 131/150 MP: 25/25
 36286 | Snake:3  | Identified the +7 glaive "Dragonbane" {antimagic, Int+4}
 36465 | Snake:3  | Acquired 986 gold pieces
 36473 | Snake:3  | Learned a level 5 spell: Yara's Violent Unravelling
 36683 | Snake:4  | Entered Level 4 of the Snake Pit
 36911 | Snake:4  | Reached skill level 1 in Transmutations
 36911 | Snake:4  | Reached skill level 5 in Earth Magic
 36955 | Snake:4  | Found Ecerr's Vocational Training.
 38234 | Snake:4  | Got a serpentine rune of Zot
 38550 | Swamp:1  | Entered Level 1 of the Swamp
 38576 | Swamp:1  | Learned a level 4 spell: Dimensional Bullseye
 38584 | Swamp:1  | Noticed Frances
 38589 | Swamp:1  | Killed Frances
 38596 | Swamp:1  | Learned a level 4 spell: Passage of Golubria
 38673 | Swamp:1  | Noticed Mlioglotl
 38680 | Swamp:1  | Killed Mlioglotl
 38699 | Swamp:1  | Got the Spellbook of Assaults
 38890 | Swamp:2  | Acquired a +1 heavy triple crossbow
 39769 | Swamp:2  | Noticed Nikola
 39774 | Swamp:2  | Killed Nikola
 39775 | Swamp:2  | Reached skill level 10 in Hexes
 39776 | Swamp:2  | Identified the +4 sling "Zokaich" {drain, MP+9 Stlth+}
 40270 | Swamp:3  | Reached XP level 18. HP: 161/161 MP: 28/28
 40296 | Swamp:3  | Reached skill level 5 in Transmutations
 40378 | Swamp:3  | Found a frozen archway.
 40404 | IceCv    | Entered an ice cave
 40559 | IceCv    | Found the +12 glaive of Prune {freeze, Prune}
 41018 | Swamp:4  | Entered Level 4 of the Swamp
 41578 | Swamp:4  | Got the Handbook of Cleavage and the Faeries
 41685 | Swamp:4  | Reached skill level 15 in Fighting
 41913 | Swamp:4  | Got a decaying rune of Zot
 42813 | Snake:2  | Killed eneti's ghost
 43402 | Snake:1  | Killed Lanyett's ghost
 43722 | Vaults:1 | Entered Level 1 of the Vaults
 43731 | Vaults:1 | Reached skill level 5 in Translocations
 44013 | Vaults:1 | Paralysed by a sphinx for 3 turns
 44189 | Vaults:1 | Reached XP level 19. HP: 170/170 MP: 29/29
 45149 | Vaults:2 | Learned a level 7 spell: Enfeeble
 45695 | Vaults:2 | Identified the +2 robe of Leaves {rF+ rC+ Int+3}
 45849 | Vaults:2 | Found a runed translucent gate.
 45849 | Vaults:2 | Found a runed translucent gate.
 45849 | Vaults:2 | Found a runed translucent gate.
 45851 | Vaults:2 | Noticed AgonHex's ghost (veteran HOFi)
 46147 | Vaults:2 | Killed AgonHex's ghost
 46198 | Vaults:2 | Identified the +2 hat "Teniorop" {-Cast Fly rPois rC++}
 46321 | Vaults:3 | Found Takissoa's Antique Weapon Shoppe.
 46375 | Vaults:3 | Found a crumbling gateway.
 46405 | Desolati | Entered the Desolation of Salt
 46598 | Desolati | Identified the +0 scale mail "Naimyov" {+Blink rF+ Int+3
                  | SInv}
 46601 | Desolati | Got the Compilation of Anathema
 46605 | Desolati | Got Sif Muna's Handbook of Scree
 46613 | Desolati | Got the Parchment of Plasticity
 47217 | Desolati | Identified the +1 battleaxe "Buocute" {speed, rPois Will-
                  | Str-3 Dex+8}
 47290 | Desolati | Identified the amulet "Gaqen" {Spirit rF++}
 47326 | Desolati | Got the Anthology of the Secret Defenders
 47336 | Desolati | Identified the +3 flail "Jatonowk" {pain, rC+ Str-3 Dex+8}
 47340 | Desolati | Identified the +1 leather armour "Liaty" {SInv}
 47387 | Desolati | Identified the +5 dagger of Asathug {holy, Drain rN+ Str+5
                  | Int+3}
 47829 | Vaults:3 | Reached skill level 10 in Stealth
 47829 | Vaults:3 | Reached XP level 20. HP: 182/182 MP: 30/30
 47970 | Vaults:3 | You are sucked into a shaft and drop 1 floor!
 48210 | Vaults:4 | Found Qiroerch's Book Boutique.
 48218 | Vaults:4 | Bought a book of Spatial Translocations for 378 gold pieces
 48221 | Vaults:4 | Learned a level 2 spell: Blink
 49244 | Vaults:3 | Reached skill level 5 in Spellcasting
 49377 | Vaults:3 | Found a staircase to the Crypt.
 50974 | Elf:1    | Entered Level 1 of the Elven Halls
 51305 | Elf:1    | Learned a level 2 spell: Passwall
 51412 | Elf:1    | Reached XP level 21. HP: 191/191 MP: 35/35
 51707 | Elf:1    | Paralysed by an air elemental for 1 turns
 52161 | Elf:2    | Found a runed translucent gate.
 52162 | Elf:2    | Found a runed translucent gate.
 52162 | Elf:2    | Found a runed translucent gate.
 52718 | Elf:2    | Reached skill level 15 in Hexes
 52851 | Elf:3    | Entered Level 3 of the Elven Halls
 53129 | Elf:3    | Identified the +6 dagger of Feraviod {drain, rF- Int+2
                  | Dex+4}
 53821 | Elf:3    | Identified the staff of Doom {rPois Str+2 Int+4 Stlth+
                  | Poison}
 53828 | Elf:3    | Learned a level 2 spell: Lesser Beckoning
 53891 | Elf:3    | Identified the staff "Dacvyked" {rPois rCorr Stlth- Conj}
 54388 | Crypt:1  | Entered Level 1 of the Crypt
 55074 | Crypt:1  | Identified the +1 cloak "Hoofeqee" {+Inv Str+9 Int-5 Dex-3}
 55771 | Crypt:2  | Identified the +1 lajatang "Dics" {heavy, MP+9 SInv}
 55865 | Crypt:3  | Entered Level 3 of the Crypt
 55878 | Crypt:3  | Reached XP level 22. HP: 202/202 MP: 36/36
 56330 | Crypt:3  | Identified the ring "Hussoig" {+Blink rN+ Str-3 Int-2
                  | Dex+8}
 56388 | Crypt:3  | Found a staircase to the Tomb.
 56514 | Crypt:3  | Noticed an ancient lich
 56515 | Crypt:3  | Killed an ancient lich
 56814 | Crypt:3  | Identified the ring of the Furies {rPois rF- rN+ rCorr}
 57339 | Crypt:3  | Found a staircase to the Tomb.
 58032 | Orc:2    | Bought a ring of protection from cold for 300 gold pieces
 58255 | Depths:1 | Entered Level 1 of the Depths
 58336 | Depths:1 | You are sucked into a shaft and drop 1 floor!
 58336 | Depths:2 | Noticed a caustic shrike
 58336 | Depths:2 | Noticed a caustic shrike
 58337 | Depths:2 | Noticed a caustic shrike
 58339 | Depths:2 | Noticed a caustic shrike
 59230 | Depths:1 | Found a one-way gateway to a ziggurat.
 59399 | Depths:1 | Noticed Asterion
 59402 | Depths:1 | Killed Asterion
 59656 | Depths:1 | Found a gateway to Hell.
 59658 | Depths:1 | Acquired the ring "Kaebejen" {Will++ AC+4 Str-3 Int+2 SInv}
 60100 | Depths:2 | Killed a caustic shrike
 60101 | Depths:2 | Reached XP level 23. HP: 199/211 MP: 33/37
 60460 | Depths:2 | Found a one-way gate leading to the halls of Pandemonium.
 60987 | Depths:3 | Found a runed translucent door.
 60987 | Depths:3 | Found Xoiloesa's Jewellery Shop.
 60990 | Depths:3 | Found Erghim's Jewellery Shop.
 61010 | Depths:3 | Identified the +7 war axe of the Wasp {vamp, rN+ Str-5
                  | Int+2}
 61016 | Depths:3 | Found Rogiats's Book Shoppe.
 61029 | Depths:3 | Bought the ring "Ocasyt Fuic" {rPois rF+ rC+++ rN+ MP-9}
                  | for 1073 gold pieces
 61148 | Hell     | Entered the Vestibule of Hell
 61512 | Depths:3 | Identified the +1 flail "Zufrecel" {venom, *Corrode rPois
                  | rN+ Str+4}
 61784 | Depths:3 | Found a one-way gate to the infinite horrors of the Abyss.
 61839 | Depths:4 | Entered Level 4 of the Depths
 62056 | Depths:4 | Found a gate to the Realm of Zot.
 62184 | Depths:4 | Found Waggicha's Antique Weapon Boutique.
 62296 | Depths:4 | Identified the ring "Nirash" {+Blink rCorr Int-5 Dex+3}
 62335 | Depths:4 | Identified the +7 demon trident of the Two Names {pain,
                  | *Noise rElec rF+ Str+4}
 62860 | Vaults:5 | Entered Level 5 of the Vaults
 63531 | Vaults:5 | Reached XP level 24. HP: 208/221 MP: 29/38
 63958 | Vaults:5 | Reached XP level 25. HP: 226/228 MP: 37/38
 64949 | Vaults:5 | Identified the +1 scale mail of Weightlessness {rCorr}
 65010 | Vaults:5 | Found Bissofya's Book Boutique.
 65021 | Vaults:5 | Got a silver rune of Zot
 65070 | Vaults:5 | Identified the staff "Tormentor" {*Corrode rPois Will-
                  | Int+5 Air Earth}
 66958 | Vaults:5 | Found Bissofya's Book Boutique.
 67811 | Hell     | Noticed Geryon
 67814 | Hell     | Killed Geryon
 68165 | Snake:4  | Bought a manual of Evocations for 1200 gold pieces
 68828 | Hell     | Found a gateway to the decaying netherworld of Tartarus.
 68970 | Hell     | Reached skill level 5 in Evocations
 69020 | Hell     | Found a gateway to the ashen valley of Gehenna.
 69127 | Hell     | Found a gateway to the freezing wastes of Cocytus.
 69183 | Hell     | Found a gateway to the Iron City of Dis.
 69277 | Hell     | Found a gateway to the Iron City of Dis.
 69329 | Hell     | Found a gateway to the freezing wastes of Cocytus.
 69381 | Hell     | Found a gateway to the ashen valley of Gehenna.
 69449 | Hell     | Found a gateway to the decaying netherworld of Tartarus.
 69891 | Slime:1  | Entered Level 1 of the Pits of Slime
 71122 | Slime:2  | Gained mutation: You occasionally shout uncontrollably at
                  | your foes. [a shining eye]
 71796 | Slime:4  | Noticed Dissolution
 71798 | Slime:4  | Killed Dissolution
 72110 | Slime:5  | Entered Level 5 of the Pits of Slime
 72473 | Slime:4  | Reached XP level 26. HP: 237/239 MP: 38/38
 72897 | Slime:5  | Gained mutation: Your flesh is cold resistant. (rC+) [a
                  | shining eye]
 73077 | Slime:5  | Gained mutation: You sometimes lose your temper in combat.
                  | [a shining eye]
 73083 | Slime:5  | Lost mutation: Your flesh is cold resistant. (rC+) [potion
                  | of mutation]
 73083 | Slime:5  | Lost mutation: You sometimes lose your temper in combat.
                  | [potion of mutation]
 73083 | Slime:5  | Lost mutation: You occasionally shout uncontrollably at
                  | your foes. [potion of mutation]
 73083 | Slime:5  | Gained mutation: Your spells are a little harder to cast,
                  | but a little more powerful. [potion of mutation]
 73083 | Slime:5  | Gained mutation: You are strong-willed. (Will+) [potion of
                  | mutation]
 73091 | Slime:5  | Learned a level 6 spell: Dispersal
 73523 | Slime:5  | Noticed the Royal Jelly
 73589 | Slime:5  | Killed the Royal Jelly
 73665 | Slime:5  | Identified the +4 broad axe of Eshrol {holy, Int+4}
 73666 | Slime:5  | Identified the +0 scale mail "Utwosu" {rPois rF+}
 73682 | Slime:5  | Got a slimy rune of Zot
 73707 | Slime:5  | Identified the +6 arbalest of the Grinning Gods {penet,
                  | Str+6}
 73745 | Slime:5  | Identified the +7 broad axe "Reill" {protect, MP+9 Stlth+}
 73788 | Slime:5  | Identified the +4 dagger "Jyigosurph" {antimagic, rPois
                  | Str+3}
 73814 | Slime:5  | Identified the +3 sling "Bisup" {drain, Fragile +Blink rN+
                  | Str+8}
 73825 | Slime:5  | Identified the +6 chain mail of a treasure trove {rF++ rN+
                  | Str-3 Int+3}
 73845 | Slime:5  | Identified the +2 flail "Caicameb" {freeze, Dex+6}
 74409 | Zot:1    | Entered Level 1 of the Realm of Zot
 76279 | Zot:1    | Identified the +6 scimitar "Edeulero" {heavy, rElec SInv}
 76684 | Zot:2    | Found Bozxu's Changing Room.
 76721 | Zot:2    | Identified the +1 leather armour of Eternal Vigilance
                  | {rPois rF- Regen+ Dex+6}
 77351 | Zot:2    | Gained mutation: Your body sometimes deteriorates upon
                  | taking damage. [a shining eye]
 77352 | Zot:2    | Gained mutation: You are dopey. (Int -2) [a shining eye]
 77867 | Zot:3    | Noticed an orb of fire
 77869 | Zot:3    | Killed an orb of fire
 77874 | Zot:2    | Reached skill level 27 in Ranged Weapons
 78382 | Zot:3    | You are sucked into a shaft and drop 1 floor!
 78410 | Zot:4    | Reached skill level 10 in Evocations
 78602 | Zot:3    | Reached XP level 27. HP: 248/248 MP: 38/38
 78610 | Zot:3    | Identified the +0 robe "Etsiwn" {Dex+6}
 79107 | Zot:3    | Got The Last Volume of the Lorekeeper
 79389 | Zot:5    | Entered Level 5 of the Realm of Zot
 79983 | Zot:4    | Reached skill level 10 in Translocations
 80164 | Zot:5    | Found a huge runed gate.
 80164 | Zot:5    | Found a huge runed gate.
 80164 | Zot:5    | Found a huge runed gate.
 80165 | Zot:5    | Found a huge runed gate.
 80168 | Zot:5    | Found a huge runed gate.
 80168 | Zot:5    | Found a huge runed gate.
 80168 | Zot:5    | Found a huge runed gate.
 80168 | Zot:5    | Found a huge runed gate.
 80169 | Zot:5    | Found a huge runed gate.
 80169 | Zot:5    | Found a huge runed gate.
 80170 | Zot:5    | Found a huge runed gate.
 80171 | Zot:5    | Found a huge runed gate.
 80172 | Zot:5    | Found a huge runed gate.
 80173 | Zot:5    | Found a huge runed gate.
 80174 | Zot:5    | Found a huge runed gate.
 80196 | Zot:5    | Found a huge runed gate.
 80196 | Zot:5    | Found a huge runed gate.
 80197 | Zot:5    | Found a huge runed gate.
 80197 | Zot:5    | Found a huge runed gate.
 80198 | Zot:5    | Found a huge runed gate.
 80200 | Zot:5    | Found a huge runed gate.
 80200 | Zot:5    | Found a huge runed gate.
 80201 | Zot:5    | Found a huge runed gate.
 80205 | Zot:5    | Found a huge runed gate.
 80221 | Zot:5    | Found a huge runed gate.
 80221 | Zot:5    | Found a huge runed gate.
 80221 | Zot:5    | Found a huge runed gate.
 80222 | Zot:5    | Found a huge runed gate.
 80222 | Zot:5    | Found a huge runed gate.
 80223 | Zot:5    | Found a huge runed gate.
 80224 | Zot:5    | Found a huge runed gate.
 80225 | Zot:5    | Found a huge runed gate.
 80226 | Zot:5    | Found a huge runed gate.
 80234 | Zot:5    | Found a huge runed gate.
 80234 | Zot:5    | Found a huge runed gate.
 80234 | Zot:5    | Found a huge runed gate.
 80535 | Zot:5    | Found a huge runed gate.
 80535 | Zot:5    | Found a huge runed gate.
 80535 | Zot:5    | Found a huge runed gate.
 80535 | Zot:5    | Found a huge runed gate.
 80535 | Zot:5    | Found a huge runed gate.
 80535 | Zot:5    | Found a huge runed gate.
 80536 | Zot:5    | Found a huge runed gate.
 80690 | Zot:5    | Found a huge runed gate.
 80690 | Zot:5    | Found a huge runed gate.
 80690 | Zot:5    | Found a huge runed gate.
 80690 | Zot:5    | Found a huge runed gate.
 80691 | Zot:5    | Found a huge runed gate.
 80692 | Zot:5    | Found a huge runed gate.
 80693 | Zot:5    | Found a huge runed gate.
 80694 | Zot:5    | Found a huge runed gate.
 80695 | Zot:5    | Found a huge runed gate.
 80703 | Zot:5    | Found a huge runed gate.
 80703 | Zot:5    | Found a huge runed gate.
 80703 | Zot:5    | Found a huge runed gate.
 80703 | Zot:5    | Found a huge runed gate.
 80703 | Zot:5    | Found a huge runed gate.
 80703 | Zot:5    | Found a huge runed gate.
 80704 | Zot:5    | Found a huge runed gate.
 80705 | Zot:5    | Found a huge runed gate.
 80706 | Zot:5    | Found a huge runed gate.
 80714 | Zot:5    | Found a huge runed gate.
 80763 | Zot:5    | Noticed an ancient lich
 80763 | Zot:5    | Noticed an ancient lich
 80763 | Zot:5    | Noticed a dread lich
 80763 | Zot:5    | Noticed a dread lich
 80763 | Zot:5    | Noticed an orb of fire
 80779 | Zot:5    | Paralysed by a dread lich for 3 turns
 80782 | Zot:5    | Killed a dread lich
 80792 | Zot:5    | Gained mutation: You do not regenerate when monsters are
                  | visible. [an orb of fire]
 80793 | Zot:5    | Killed an orb of fire
 80806 | Zot:5    | Killed an ancient lich
 80969 | Zot:5    | Noticed a dread lich
 80970 | Zot:5    | Killed a dread lich
 81095 | Zot:5    | Killed an ancient lich
 81220 | Zot:5    | Killed a dread lich
 81716 | Zot:5    | Noticed an ancient lich
 81719 | Zot:5    | Killed an ancient lich
 81724 | Zot:5    | Noticed an orb of fire
 81727 | Zot:5    | Noticed an orb of fire
 81728 | Zot:5    | Killed an orb of fire
 81733 | Zot:5    | Killed an orb of fire
 81733 | Zot:5    | Noticed a dread lich
 81739 | Zot:5    | Killed a dread lich
 81763 | Zot:5    | Noticed an orb of fire
 81764 | Zot:5    | Killed an orb of fire
 81765 | Zot:5    | Noticed an orb of fire
 81772 | Zot:5    | Killed an orb of fire
 82504 | Zot:5    | Noticed an orb of fire
 82517 | Zot:5    | Noticed an orb of fire
 82520 | Zot:5    | Killed an orb of fire
 82524 | Zot:5    | Gained mutation: You occasionally lose the ability to read
                  | scrolls when taking damage. [an orb of fire]
 82525 | Zot:5    | Killed an orb of fire
 82540 | Zot:5    | Noticed an orb of fire
 82544 | Zot:5    | Noticed an ancient lich
 82545 | Zot:5    | Killed an ancient lich
 82546 | Zot:5    | Noticed an ancient lich
 82592 | Zot:5    | Noticed an orb of fire
 82593 | Zot:5    | Gained mutation: You are clumsy. (Dex -2) [an orb of fire]
 82596 | Zot:5    | Killed an orb of fire
 82966 | Zot:5    | Gained mutation: Armour fits poorly on your strangely
                  | shaped body. [an orb of fire]
 82967 | Zot:5    | Killed an orb of fire
 83218 | Zot:5    | Killed an ancient lich
 83565 | Zot:5    | Lost mutation: You are strong-willed. (Will+) [potion of
                  | mutation]
 83565 | Zot:5    | Lost mutation: Your spells are a little harder to cast, but
                  | a little more powerful. [potion of mutation]
 83565 | Zot:5    | Lost mutation: You occasionally lose the ability to read
                  | scrolls when taking damage. [potion of mutation]
 83565 | Zot:5    | Lost mutation: You do not regenerate when monsters are
                  | visible. [potion of mutation]
 83566 | Zot:5    | Lost mutation: You are clumsy. (Dex -2) [potion of
                  | mutation]
 83566 | Zot:5    | Lost mutation: Your body sometimes deteriorates upon taking
                  | damage. [potion of mutation]
 83566 | Zot:5    | Lost mutation: You are dopey. (Int -2) [potion of mutation]
 83566 | Zot:5    | Gained mutation: You are robust. (+10% HP) [potion of
                  | mutation]
 83566 | Zot:5    | Gained mutation: You are strong-willed. (Will+) [potion of
                  | mutation]
 83566 | Zot:5    | Gained mutation: You have a somewhat thin skeletal
                  | structure. (Dex +2, Stealth+) [potion of mutation]
 84273 | Geh:1    | Entered Level 1 of Gehenna
 85893 | Geh:5    | You are sucked into a shaft and drop 1 floor!
 86163 | Geh:6    | Noticed an ancient lich
 86164 | Geh:6    | Killed an ancient lich
 86255 | Geh:7    | Entered Level 7 of Gehenna
 87339 | Geh:7    | Found the +13 sceptre of Asmodeus
 87339 | Geh:7    | Noticed Asmodeus
 87347 | Geh:7    | Killed Asmodeus
 87397 | Geh:7    | Identified the amulet of the Traitor {Regen+ Dex+5}
 87405 | Geh:7    | Found the +9 sword of Zonguldrok {reap}
 87417 | Geh:7    | Identified the +6 flail "Hynafat" {flame, rPois Int+3
                  | Dex+3}
 87428 | Geh:7    | Identified the +1 troll leather armour of Leklinit {rC+
                  | Regen+ Str+2 Int+3}
 87436 | Geh:7    | Identified the ring "Feg Bih" {rElec Str+6}
 87453 | Geh:7    | Got an obsidian rune of Zot
 87459 | Geh:7    | Identified the staff "Voor" {rPois Str+3 Poison}
 87462 | Geh:7    | Identified the +5 quarterstaff "Nastic" {flame, *Rage rElec
                  | rC+++ SInv}
 88144 | Coc:1    | Entered Level 1 of Cocytus
 88144 | Coc:1    | Noticed an ancient lich
 88145 | Coc:1    | Killed an ancient lich
 88411 | Coc:2    | Noticed a dread lich
 88413 | Coc:2    | Killed a dread lich
 88881 | Coc:3    | Learned a level 8 spell: Discord
 89087 | Coc:4    | Reached skill level 10 in Spellcasting
 90006 | Coc:7    | Entered Level 7 of Cocytus
 91106 | Coc:7    | Reached skill level 15 in Evocations
 91392 | Coc:7    | Noticed Antaeus
 91408 | Coc:7    | Killed Antaeus
 91412 | Coc:7    | Reached skill level 27 in Dodging
 91688 | Coc:7    | Identified the +6 halberd of Proximity {heavy, rC+ rN+
                  | Int+3}
 91700 | Coc:7    | Identified the ring "Fits" {rElec rPois rF+ Dex+6}
 91821 | Coc:7    | Identified the staff of Terror {+Blink rF+ rC+ Ice}
 91830 | Coc:7    | Got an icy rune of Zot
 91835 | Coc:7    | Identified the +1 leather armour of Kaontun {rElec Regen+
                  | Dex+3}
 92058 | Pan      | Entered Pandemonium
 92087 | Pan      | Identified the +3 ring mail of Cynicism {Slay+2}
 92472 | Pan      | Noticed a seraph
 92477 | Pan      | Killed a seraph
 92503 | Pan      | Identified the +1 pair of gloves of Rugoeng {rPois}
 92531 | Pan      | Identified the staff "Fiwk" {rF- rC+ Will- Dex+8 Stlth+
                  | Ice}
 92538 | Pan      | Identified the scarf of the Shishi {repulsion, -Cast rPois
                  | Regen+ rCorr}
 92542 | Pan      | Got a demonic rune of Zot
 92701 | Pan      | Identified the +2 robe "Nuel" {-Cast Str+7}
 93222 | Pan      | Identified the +0 buckler "Hitajus" {Will+ rCorr Int-5
                  | Dex+4}
 93225 | Pan      | Reached skill level 15 in Translocations
 93901 | Pan      | Noticed Josy the pandemonium lord
 93905 | Pan      | Killed Josy the pandemonium lord
 94064 | Pan      | Entered the realm of Cerebov.
 94393 | Pan      | Identified the +6 scimitar of Stickiness {speed, Str+3}
 94399 | Pan      | Identified the +10 orcbow of Hoysoic {flame, rC+ Int+2}
 94403 | Pan      | Identified the ring "Ekhomymn" {rPois Int+2}
 94410 | Pan      | Identified the +6 plate armour of the Ward {rPois Int+3}
 94428 | Pan      | Identified the +9 broad axe "Nifejon" {drain, rN+ Int+6
                  | Dex-5}
 94428 | Pan      | Identified the +0 robe of Quwnefru {Harm Dex+4}
 94428 | Pan      | Identified the ring of Ekhlom {rPois rF+ Str+3 Slay+4 SInv}
 94456 | Pan      | Identified the +11 longbow of Lycsuk {freeze, Int+4}
 94608 | Pan      | Identified the ring "Kaveaghe" {Contam EV+5 Int+3 Dex+2}
 94650 | Pan      | Found the +6 sword of Cerebov {flame}
 94650 | Pan      | Noticed Cerebov
 94703 | Pan      | Killed Cerebov
 94703 | Pan      | Identified the +3 great sword of Urgency {flame, +Blink rF-
                  | Dex+4}
 94793 | Pan      | Got a fiery rune of Zot
 94859 | Pan      | Identified the +5 mace of Xaipt {drain, Int+2}
 95310 | Pan      | Found an exit through the horrors of the Abyss.
 95734 | Pan      | Acquired 1009 gold pieces
 95826 | Pan      | Noticed Vagiuqerr the pandemonium lord
 95828 | Pan      | Killed Vagiuqerr the pandemonium lord
 95873 | Pan      | Entered the realm of Gloorx Vloq.
 96763 | Pan      | Noticed Gloorx Vloq
 96774 | Pan      | Killed Gloorx Vloq
 96868 | Pan      | Got a dark rune of Zot
 96926 | Pan      | Found an exit through the horrors of the Abyss.
 97363 | Pan      | Noticed Waatuuczue the pandemonium lord
 97366 | Pan      | Killed Waatuuczue the pandemonium lord
 97532 | Pan      | Found an exit through the horrors of the Abyss.
 98285 | Pan      | Noticed Vireures the pandemonium lord
 98288 | Pan      | Killed Vireures the pandemonium lord
 99072 | Pan      | Identified the +3 short sword of Yveaptes {freeze, Fly
                  | Str-4 Int-2 SInv}
 99106 | Pan      | Noticed Zumpef the pandemonium lord
 99107 | Pan      | Killed Zumpef the pandemonium lord
 99257 | Pan      | Found an exit through the horrors of the Abyss.
 99475 | Pan      | Entered the realm of Lom Lobon.
 99514 | Pan      | Found an exit through the horrors of the Abyss.
100431 | Pan      | Noticed Lom Lobon
100446 | Pan      | Killed Lom Lobon
100600 | Pan      | Got a magical rune of Zot
100727 | Pan      | Noticed Jibogrob the pandemonium lord
100736 | Pan      | Killed Jibogrob the pandemonium lord
100861 | Pan      | Learned a level 2 spell: Sublimation of Blood
100897 | Pan      | Found an exit through the horrors of the Abyss.
101144 | Pan      | Reached skill level 1 in Necromancy
101889 | Pan      | Found an exit through the horrors of the Abyss.
102058 | Pan      | Noticed Dewish the pandemonium lord
102070 | Pan      | Killed Dewish the pandemonium lord
102926 | Pan      | Noticed Civyseev the pandemonium lord
102932 | Pan      | Found an exit through the horrors of the Abyss.
103168 | Pan      | Killed Civyseev the pandemonium lord
103572 | Pan      | Entered the realm of Mnoleg.
103623 | Pan      | Noticed Mnoleg
103642 | Pan      | Killed Mnoleg
103803 | Pan      | Got a glowing rune of Zot
103877 | Pan      | Identified the ring "Norytu" {Ice *Slow rElec Will+++
                  | Dex-2}
104026 | Pan      | Found an exit through the horrors of the Abyss.
104133 | Pan      | Took an exit into the Abyss.
104133 | Abyss:1  | Escaped into the Abyss
104888 | Abyss:1  | Gained mutation: You occasionally shout uncontrollably at
                  | your foes. [a neqoxec]
104891 | Abyss:1  | Paralysed by accursed screaming for 1 turns
104897 | Abyss:1  | Reached skill level 5 in Necromancy
105952 | Abyss:3  | Noticed a juggernaut
105957 | Abyss:3  | Killed a juggernaut
105966 | Abyss:3  | Got an abyssal rune of Zot
106005 | Depths:2 | Escaped the Abyss
106274 | Zot:5    | Got the Orb of Zot
106780 | D:1      | Noticed Inaschea the pandemonium lord
106783 | D:1      | Killed Inaschea the pandemonium lord
107095 | D:1      | Noticed Cij Xuch the pandemonium lord
107097 | D:1      | Killed Cij Xuch the pandemonium lord
107143 | D:1      | Reached skill level 27 in Fighting
107290 | D:1      | Noticed a seraph
107304 | D:1      | Killed a seraph
107614 | D:1      | Lost mutation: You have a somewhat thin skeletal structure.
                  | (Dex +2, Stealth+) [potion of mutation]
107614 | D:1      | Lost mutation: Armour fits poorly on your strangely shaped
                  | body. [potion of mutation]
107614 | D:1      | Gained mutation: You are vulnerable to cold. (rC-) [potion
                  | of mutation]
107615 | D:1      | Lost mutation: You are robust. (+10% HP) [potion of
                  | mutation]
107615 | D:1      | Lost mutation: You occasionally shout uncontrollably at
                  | your foes. [potion of mutation]
107615 | D:1      | Lost mutation: You are vulnerable to cold. (rC-) [potion of
                  | mutation]
107615 | D:1      | Gained mutation: You are weak. (Str -2) [potion of
                  | mutation]
107615 | D:1      | Gained mutation: You are partially covered in iridescent
                  | scales. (AC +2) [potion of mutation]
107615 | D:1      | Gained mutation: Your flesh is heat resistant. (rF+)
                  | [potion of mutation]
107616 | D:1      | Lost mutation: You are partially covered in iridescent
                  | scales. (AC +2) [potion of mutation]
107616 | D:1      | Lost mutation: Your flesh is heat resistant. (rF+) [potion
                  | of mutation]
107616 | D:1      | Lost mutation: You are weak. (Str -2) [potion of mutation]
107616 | D:1      | Gained mutation: You have hidden genetic defects. [potion
                  | of mutation]
107616 | D:1      | Gained mutation: You have large cloven feet. [potion of
                  | mutation]
107616 | D:1      | Gained mutation: You do not regenerate when monsters are
                  | visible. [potion of mutation]
107616 | D:1      | Gained mutation: You are resistant to electric shocks.
                  | (rElec) [potion of mutation]
107617 | D:1      | Lost mutation: You are resistant to electric shocks.
                  | (rElec) [potion of mutation]
107617 | D:1      | Lost mutation: You have large cloven feet. [potion of
                  | mutation]
107617 | D:1      | Lost mutation: You are strong-willed. (Will+) [potion of
                  | mutation]
107617 | D:1      | Gained mutation: You have a beak for a mouth. [potion of
                  | mutation]
107618 | D:1      | Lost mutation: You have a beak for a mouth. [potion of
                  | mutation]
107618 | D:1      | Lost mutation: You do not regenerate when monsters are
                  | visible. [potion of mutation]
107618 | D:1      | Lost mutation: You have hidden genetic defects. [potion of
                  | mutation]
107618 | D:1      | Gained mutation: You are partially covered in iridescent
                  | scales. (AC +2) [potion of mutation]
107618 | D:1      | Gained mutation: You are strong-willed. (Will+) [potion of
                  | mutation]
107619 | D:1      | Lost mutation: You are partially covered in iridescent
                  | scales. (AC +2) [potion of mutation]
107619 | D:1      | Lost mutation: You are strong-willed. (Will+) [potion of
                  | mutation]
107619 | D:1      | Gained mutation: Your muscles are strong. (Str +4, Int/Dex
                  | -1) [potion of mutation]
107620 | D:1      | Lost mutation: Your muscles are strong. (Str +4, Int/Dex
                  | -1) [potion of mutation]
107620 | D:1      | Gained mutation: You are partially covered in large bone
                  | plates. (SH +4) [potion of mutation]
107620 | D:1      | Gained mutation: You expend magic power (3 MP) to
                  | strengthen your wands. [potion of mutation]
107620 | D:1      | Gained mutation: You are strong-willed. (Will+) [potion of
                  | mutation]
107621 | D:1      | Lost mutation: You are partially covered in large bone
                  | plates. (SH +4) [potion of mutation]
107621 | D:1      | Lost mutation: You expend magic power (3 MP) to strengthen
                  | your wands. [potion of mutation]
107621 | D:1      | Gained mutation: Potions are less effective at restoring
                  | your health. [potion of mutation]
107622 | D:1      | Lost mutation: You are strong-willed. (Will+) [potion of
                  | mutation]
107622 | D:1      | Lost mutation: Potions are less effective at restoring your
                  | health. [potion of mutation]
107622 | D:1      | Gained mutation: You are agile. (Dex +4, Str/Int -1)
                  | [potion of mutation]
107622 | D:1      | Gained mutation: You possess an exceptional clarity of
                  | mind. [potion of mutation]
107671 | D:1      | Noticed Vuisch the pandemonium lord
107672 | D:1      | Killed Vuisch the pandemonium lord
107691 | D:1      | Noticed Lidued the pandemonium lord
107692 | D:1      | Killed Lidued the pandemonium lord
107784 | D:$      | Escaped with the Orb!

Illustrated notes

Levels and vault maps discovered:
D:1:      dpeg_arrival_orchard, layout_basic,
          hellmonk_ecumenical_altar_watching_god, kennysheep_nondescript
D:2:      layout_loops_cross
D:3:      layout_loops_ring, kennysheep_slug_shrine, elyvilon_altar_5,
          kennysheep_orc_sif_temple, portal_sewer_entry_f
D:4:      layout_basic, minmay_circle_x
D:5:      layout_rooms, amethyst_overflow_temple_binary, amcnicky_altar_gilded,
          lemuel_zombie_altar_kikubaaqudgha
D:6:      layout_rooms, mainiacjoe_overflow_brackets, bloody_makhleb
D:7:      layout_layer_cave, jmf_multi_god_temple,
          minmay_temple_entry_gardened_gates, eino_curves_02,
          dilly_guarded_unrand_devastator
D:8:      layout_rooms, mainiacjoe_overflow_cross_hatched,
          nicolae_shop_self_help, uniq_prince_ribbit1
D:9:      layout_loops_ring, nicolae_dithmenos_shadow_blocks,
          david_lair_generic, serial_shops,
          nicolae_shop_temple_entry_statues_fountains, uniq_pikel
D:10:     layout_long_grid, mainiacjoe_overflow_catwalk_spiral, david_orc_5,
          enter_trove_6, bh_walls_and_bars, uniq_psyche
D:11:     minmay_firetagon, layout_layer_cave, serial_glass, glass_columns_a,
          glass_columns_c, uniq_erolcha
D:12:     layout_roguey, nicolae_eternal_life
D:13:     nzn_winding_woodlands_large [nzn_winding_woodlands_5x5_checkerboard,
          nzn_winding_woodlands_5x15_pathside_ponds,
          nzn_winding_woodlands_5x5_cross,
          nzn_winding_woodlands_center_diamonds,
          nzn_winding_woodlands_15x15_thick_spiral,
          nzn_winding_woodlands_center_triple_pond,
          nzn_winding_woodlands_5x5_three, nzn_winding_woodlands_5x15_default,
          nzn_winding_woodlands_5x5_perimeter], layout_basic,
          gammafunk_ghost_icy, minivault_14, xom_redecorated, uniq_jorgrun,
          uniq_lodul
D:14:     layout_stronghold, grunt_vaults_entry_tiered, serial_shops, shop,
          nicolae_ru_path_of_blood, kennysheep_kite_vault
D:15:     grunt_enter_depths_giant_problem, layout_layer_cave, serial_shops,
          nicolae_shop_tiny_waterfront, nicolae_lakefront_shop, shop, shop,
          shop, minmay_misc_feat_pillars, guppyfry_shop_venom, uniq_josephine,
          uniq_azrael, uniq_roxanne, uniq_agnes
Lair:1:   minmay_lair_venomous_thicket, layout_chaotic_city,
          ebering_ghost_reflecting_pool, infiniplex_staircase_pool_2,
          uniq_joseph, uniq_harold, uniq_nergalle
Lair:2:   layout_big_grid, grunt_forest_stairs_basic, lemuel_fruit_fields,
          serial_bayou_shore_a, grunt_megastairs_2, uniq_erica
Lair:3:   layout_regular_city, nicolae_swamp_entry_splash_gauntlet,
          guppyfry_snake_entry_island, enter_volcano_1, minivault_26,
          nicolae_quartered_pool_super, chequers_serial_rivers_micro_b,
          nicolae_lair_grazing_beasts [nicolae_sub_lair_graze_edge,
          nicolae_sub_lair_graze_edge, nicolae_sub_lair_graze_edge,
          nicolae_sub_lair_graze_edge], serial_bayou_shore_b
Lair:4:   layout_loops_ring, slime_entry_2, kennysheep_snail_temple,
          serial_bayou_shore_b, uniq_nessos
Lair:5:   hangedman_lair_caniforms_friends, layout_small_grid,
          hangedman_lair_tendril_chambers, ebering_ghost_inner_flame,
          lemuel_fruit_fields
Swamp:1:  layout_basic_swamp, evilmike_swamp_ruin_house_2, swamp_pool3,
          uniq_mlioglotl, uniq_frances
Swamp:2:  layout_basic_swamp, evilmike_swamp_ruin_wall, uniq_nikola
Swamp:3:  layout_basic_swamp, portal_ice_cave_entry_horrid_things,
          evilmike_swamp_ruin_house_6
Swamp:4:  swamp_basic_johnstein, layout_basic_swamp, swamp_pool1
Snake:1:  cheibrodos_snake_ritualist_ritual, layout_onion,
          gammafunk_ghost_wrathful_warriors
Snake:2:  layout_honeycomb, hellmonk_ghost_happy_afterlife, serial_bayou_shore_b
Snake:3:  layout_misc_corridors, nicolae_snake_naga_rites, uniq_vashnia
Snake:4:  snake_pit_salamanders_mu, layout_basic, nicolae_shop_vocational,
          grunt_megastairs_5
Slime:1:  layout_caves, nicolae_slime_phagocytosis
Slime:2:  layout_caves, cheibrodos_slime_lost_civilization_7
Slime:3:  layout_caves
Slime:4:  layout_caves, dissolution_awaits
Slime:5:  slime_pit_nicolae_block_by_block
Orc:1:    nicolae_orc_accident_3, layout_caves, gammafunk_ghost_arena,
          uniq_maurice
Orc:2:    st_orc_pillars, layout_caves, uniq_donald, uniq_snorg
Elf:1:    eino_elf_arrival_the_gate, layout_loops_corners, minmay_elf_necromancy
Elf:2:    nicolae_elf_blades_crystal_corner, layout_gridlike
Elf:3:    minmay_elf_hall_dome, layout_geoelf_grid, basic_altar
Vaults:1: hangedman_vaults_nodes, nicolae_vaults_offset_grid_hallway_4,
          vaults_room_corners, v_misc_26, v_pattern_3,
          hangedman_vaults_stitches, nicolae_vaults_cornered_office,
          nicolae_vaults_trapezoid_lopsided_1, st_hourglassy,
          ontoclasm_vaults_misaligned, vaults_room_grid, layout_vaults_ring
Vaults:2: gammafunk_ghost_necromancy, nicolae_vaults_little_ls,
          nicolae_vaults_c_with_doors, ontoclasm_vaults_bender, v_rooms_1,
          nicolae_vaults_theta, nicolae_vaults_alarming,
          nicolae_vaults_double_plus_1, ontoclasm_vaults_eye,
          layout_vaults_omnigrid
Vaults:3: portal_desolation_entry_nicolae_nacl, ontoclasm_vaults_ligature,
          v_misc_10, nicolae_vaults_arrows, v_misc_14, v_misc_1,
          nicolae_vaults_three_branches, nicolae_vaults_quartermaster,
          nicolae_vaults_rhombus_5, vaults_room_corners,
          layout_vaults_chaotic_city, minmay_crypt_entry_simple_box,
          serial_shops, shop
Vaults:4: nicolae_vaults_windows_and_doors_thing, v_misc_3,
          dpeg_vaults_monster_row, v_misc_28, hangedman_vaults_stream,
          hangedman_vaults_snaps, vaults_room_pool, vaults_room_pool,
          nicolae_vaults_little_squares_5, ontoclasm_vaults_decontamination,
          vaults_dpeg_ring, layout_vaults_omnibox, serial_shops,
          nicolae_shop_hallway_plus
Vaults:5
Crypt:1:  layout_basic, serial_glass, glass_columns_a, glass_columns_a,
          feat_on_display, feat_on_display, grunt_ministairs_4
Crypt:2:  layout_misc_corridors, grunt_ministairs_9, nicolae_crypt_ancient_font
Crypt:3:  cryptofortress_bobbens
Depths:1: layout_cave_shapes, enter_ziggurat_a, pf_hell_entry_tar_spiral,
          nicolae_water_bricks, minivault_14, hex_large,
          kennysheep_generic_room_3, uniq_asterion
Depths:2: grunt_profane_halls [grunt_profane_temple_coc,
          grunt_profane_temple_geh, grunt_profane_temple_tar,
          grunt_profane_temple_dis, grunt_profane_loot], serial_shops,
          pan_entry, hell_entry
Depths:3: minmay_bloctagon_deflated, layout_cave_pools,
          abyss_entry_small_statue_room, grunt_hell_entry_dis_old,
          kennysheep_treasure_room, minmay_shop_grove
Depths:4: grunt_zot_entry_bicorn, layout_gridville, minmay_misc_feat_rows,
          serial_shops, nicolae_diamond_shop, abyss_entry_glasseish,
          hellmouth_1, serial_bayou_shore_b
Hell
Geh:1:    layout_gehenna_pools_box
Geh:2:    layout_gehenna_pools_box
Geh:3:    layout_gehenna_pools_basic, lemuel_flamethrower_3
Geh:4:    layout_gehenna_pools_triple, hangedman_hellfire_club
Geh:5:    layout_gehenna_pools_basic, nicolae_geh_lava_lounge
Geh:6:    layout_gehenna_pools_basic
Geh:7:    geh_mu
Coc:1:    layout_cocytus_water_paths
Coc:2:    layout_cocytus_water_paths
Coc:3:    layout_cocytus_water_paths, nicolae_coc_statues_of_limitations
Coc:4:    layout_cocytus_water_paths
Coc:5:    layout_ice_bergs, serial_ice, serial_ice_e, serial_ice_b, serial_ice_d
Coc:6:    layout_ice_bergs
Coc:7:    coc_hangedman
Zot:1:    layout_misc_corridors
Zot:2:    layout_gridlike, nicolae_transmutations_shop, hellmonk_body_bag
Zot:3:    layout_cathedral_of_symmetry, st_small_dragon_hoard_1, evilmike_ambush
          [evilmike_ambush_outer_basic, evilmike_ambush_inner_cross]
Zot:4:    layout_gridlike, lemuel_elevator
Zot:5:    layout_misc_corridors, door_vault

Skill      XL: |  1  2  3  4  5  6  7  8  9 10 11 12 13 14 15 16 17 18 19 20 21 22 23 24 25 26 27 |
---------------+----------------------------------------------------------------------------------+-----
Ranged Weapons | 4 5 6 7 9 10 11 12 13 14 16 17 19 20 21 22 23 25 26 27 | 27.0
Short Blades   | 1 2 4 |  4.0
Evocations     | 2 3 4 6 10 19 | 19.2
Stealth        | 2 4 6 7 8 10 11 12 14 | 14.7
Fighting       | 2 4 6 7 9 10 11 12 13 14 15 16 17 18 19 20 27 | 27.0
Dodging        | 2 4 6 7 9 10 12 14 15 16 17 18 19 20 21 22 23 27 | 27.0
Spellcasting   | 1 2 4 6 7 13 | 13.3
Translocations | 1 2 5 6 7 8 9 18 | 18.4
Throwing       | 1 |  1.0
Shields        | 1 |  1.0
Hexes          | 6 10 12 13 14 15 17 18 19 20 25 | 25.1
Earth Magic    | 4 5 |  5.0
Transmutations | 4 5 6 |  6.0
Necromancy     | 6 |  6.0

Action                     |  1- 3 |  4- 6 |  7- 9 | 10-12 | 13-15 | 16-18 | 19-21 | 22-24 | 25-27 || total
---------------------------+-------+-------+-------+-------+-------+-------+-------+-------+-------++-------
  Melee: Short sword       |     3 |     4 |    20 |    16 |       |       |       |       |       ||    43
         Dagger            |       |       |       |    42 |       |       |       |       |       ||    42
         Rapier            |       |       |       |       |       |       |       |       |    22 ||    22
   Fire: Shortbow          |   102 |   269 |   368 |   208 |       |       |       |       |       ||   947
         Orcbow            |       |       |       |   319 |    26 |       |       |       |       ||   345
         Arbalest          |       |       |       |   304 |     8 |       |       |       |    22 ||   334
         Sling             |       |       |       |    14 |       |       |       |       |       ||    14
         Longbow           |       |       |       |       |   905 |   127 |   246 |   548 |  1013 ||  2839
         Hand cannon       |       |       |       |       |   521 |  1326 |       |       |       ||  1847
         Triple crossbow   |       |       |       |       |       |   108 |   859 |   512 |  2682 ||  4161
  Throw: Throwing net      |       |       |     1 |       |       |       |       |       |     1 ||     2
         Dart              |       |       |     4 |     4 |       |       |       |       |     2 ||    10
   Cast: Apportation       |       |       |       |    12 |     3 |     5 |    14 |    13 |    55 ||   102
         Leda's Liquefacti |       |       |       |       |       |     1 |     2 |       |       ||     3
         Blink             |       |       |       |       |       |       |     1 |     2 |    16 ||    19
         Yara's Violent Un |       |       |       |       |       |       |     1 |     1 |     1 ||     3
         Dimensional Bulls |       |       |       |       |       |       |     2 |       |    29 ||    31
         Sublimation of Bl |       |       |       |       |       |       |       |       |    28 ||    28
         Discord           |       |       |       |       |       |       |       |       |     6 ||     6
         Enfeeble          |       |       |       |       |       |       |       |       |     5 ||     5
         Passwall          |       |       |       |       |       |       |       |       |     2 ||     2
         Passage of Golubr |       |       |       |       |       |       |       |       |     2 ||     2
Ability: Evoke Blink       |       |       |       |       |       |       |       |     1 |       ||     1
  Evoke: Wand              |       |       |     7 |    12 |     8 |       |       |       |     6 ||    33
    Use: Scroll            |     3 |     4 |     6 |     8 |    12 |    10 |     1 |     6 |    25 ||    75
         Potion            |       |       |       |     2 |     1 |       |     1 |     2 |    14 ||    20
   Stab: Sleeping          |       |       |     1 |     1 |       |       |       |       |     1 ||     3
         Invisible         |       |       |       |     1 |       |       |       |       |       ||     1
 Armour: Robe              |    21 |    61 |    56 |   177 |   195 |   200 |   154 |   109 |   390 ||  1363
         Skin              |     3 |       |       |       |       |       |       |       |       ||     3
         Steam dragon scal |       |       |    77 |    53 |       |       |       |       |       ||   130
  Dodge: Dodged            |    27 |    62 |   109 |   392 |   720 |   812 |   883 |   759 |  2674 ||  6438
  Block: Buckler           |       |       |       |       |    55 |   240 |       |       |       ||   295

Table legend: (Time is in decaauts)
 A = Elapsed time spent in this place.
 B = Non-inter-level travel time spent in this place.
 C = Inter-level travel time spent in this place.
 D = Time resting spent in this place.
 E = Time spent auto-exploring this place.
 F = Levels seen in this place.
 G = Mean time per level.
                   A        B        C        D        E       F      G
               +--------+--------+--------+--------+--------+-----+--------+
         Total | 109826 |  96670 |  13156 |  22424 |  48907 |  92 | 1193.8 |
       Dungeon |  25980 |  21656 |   4324 |   5687 |  10728 |  15 | 1732.0 |
          Lair |   7645 |   5766 |   1879 |    829 |   3070 |   5 | 1529.0 |
         Swamp |   3197 |   2908 |    289 |    376 |   1850 |   4 |  799.2 |
     Snake Pit |   6432 |   5407 |   1025 |   1180 |   2868 |   4 | 1608.0 |
    Slime Pits |   4122 |   3805 |    317 |    548 |   2335 |   5 |  824.4 |
  Orcish Mines |   3262 |   2408 |    854 |    769 |    923 |   2 | 1631.0 |
   Elven Halls |   3194 |   2993 |    201 |    351 |   1911 |   3 | 1064.7 |
        Vaults |  10594 |   9237 |   1357 |   2146 |   4574 |   5 | 2118.8 |
         Crypt |   3396 |   3202 |    194 |    342 |   2020 |   3 | 1132.0 |
        Depths |   6134 |   4654 |   1480 |   1446 |   1781 |   4 | 1533.5 |
          Hell |   1246 |   1156 |     90 |    281 |    599 |   1 | 1246.0 |
       Gehenna |   3794 |   3637 |    157 |   1485 |   1478 |   7 |  542.0 |
       Cocytus |   3927 |   3742 |    185 |   1167 |   1451 |   7 |  561.0 |
           Zot |   8956 |   8155 |    801 |   3002 |   3623 |   5 | 1791.2 |
         Abyss |   1975 |   1975 |      0 |     43 |   1320 |   3 |  658.3 |
   Pandemonium |  12499 |  12499 |      0 |   1602 |   7254 |  15 |  833.3 |
         Sewer |    959 |    959 |      0 |    315 |    447 |   1 |  959.0 |
      Ice Cave |    206 |    206 |      0 |     31 |      0 |   1 |  206.0 |
       Volcano |    868 |    868 |      0 |    387 |     66 |   1 |  868.0 |
    Desolation |   1432 |   1432 |      0 |    432 |    608 |   1 | 1432.0 |
               +--------+--------+--------+--------+--------+-----+--------+

Top non-repeatable levels by time:
   Zot:5: 4059 daAuts
Vaults:5: 3587 daAuts
    D:13: 3422 daAuts
    D:11: 2869 daAuts
     D:7: 2599 daAuts
   Orc:2: 2136 daAuts
 Snake:1: 2089 daAuts
    D:10: 2043 daAuts
Vaults:3: 2034 daAuts
    D:15: 2030 daAuts
   Coc:7: 2027 daAuts
   Zot:2: 2016 daAuts
Depths:2: 1985 daAuts
    D:14: 1926 daAuts
   Geh:7: 1858 daAuts
